AoeStats
← .ebz

Oasis

507044848Analyzed
4v4 RM · 16d ago on Sep 16, 2026· 33m 20s· 8 players
Game mode
Random Map
Map size
Large (8 player)
Population
200
Speed
Normal
Resources
Standard
Victory
Conquest
Starting age
Dark Age
Ending age
Imperial Age
RankedLock teamsTeams togetherTeam positionsShared explorationLock speedFull tech treeHidden civsTurbo modeCheats
Victory
Defeat
🇨🇳 Khmer · China
1152
+14
🇨🇳 Mongols · China
1144
+15
🇻🇳 Magyars · Vietnam
1103
+16
🇹🇼 Burmese · Taiwan
1069
+19
🇬🇧 Bengalis · United Kingdom
1139
-17
🇰🇿 Cumans · Kazakhstan
1116
-16
1113
-16
🇵🇱 Bulgarians · Poland
1094
-15
BGz x LH
5:47 Loom
10:58 Feudal Age
12:13 Town Watch
12:35 Man-at-Arms
20:01 Castle Age
30:04 Fletching
.ebz
0:48 Loom
10:50 Feudal Age
兵无常势水无常形
11:31 Feudal Age
15:48 Castle Age
18:49 Loom
26:57 Double-Bit Axe
27:39 Fletching
32:11 Padded Archer Armor
8ibir
4:56 Loom
9:16 Feudal Age
13:01 Horse Collar
14:33 Double-Bit Axe
20:43 Bloodlines
22:04 Forging
22:00 Scale Barding Armor
27:33 Castle Age
26:50 Wheelbarrow
27:57 Fletching
bimurock
5:06 Loom
12:38 Feudal Age
14:03 Wheelbarrow
13:18 Horse Collar
13:27 Man-at-Arms
20:03 Gold Mining
21:28 Stone Mining
25:05 Bloodlines
27:04 Castle Age
25:46 Arson
28:23 Squires
28:11 Gambesons
27:48 Long Swordsman
28:28 Squires
28:42 Scale Mail Armor
28:53 Forging
29:21 Gold Shaft Mining
29:22 Heavy Plow
29:40 Hand Cart
30:02 Chain Mail Armor
29:39 Fletching
anhdeptraibd
0:53 Loom
9:43 Feudal Age
19:45 Castle Age
18:20 Horse Collar
18:40 Double-Bit Axe
20:31 Scale Barding Armor
23:11 Husbandry
23:36 Bow Saw
24:49 Bloodlines
25:31 Chain Barding Armor
26:48 Heavy Plow
SkullBump
7:15 Loom
9:12 Feudal Age
10:30 Double-Bit Axe
12:09 Forging
16:33 Horse Collar
20:26 Gold Mining
23:35 Castle Age
23:05 Bloodlines
23:02 Scale Barding Armor
24:58 Heavy Plow
25:35 Gold Shaft Mining
25:13 Bow Saw
25:10 Stone Mining
25:42 Husbandry
27:34 Iron Casting
29:06 Chain Barding Armor
33:33 Fletching
随机便投
2:01 Loom
22:34 Feudal Age
32:58 Castle Age
32:56 Wheelbarrow
Connection lost

Rejoining the realm…

Still unreachable

The connection could not be restored.

Session expired

The server has moved on; the page needs a fresh start.